 Dungeon Crawl Stone Soup version 0.31.0-11-ge490571c62 (webtiles) character file.

Game seed: 14659115471518931971

35 qw the Shooter (level 3, 0/20 HPs)
             Began as a Deep Elf Hunter on Feb 4, 2024.
             Slain by Terence
             ... wielding a +0 flail
              (3 damage)
             ... on level 2 of the Dungeon.
             The game lasted 00:00:09 (797 turns).

qw the Shooter (Deep Elf Hunter)                     Turns: 797, Time: 00:00:10

Health: 0/20       AC:  6    Str: 10    XL:     3   Next: 16%
Magic:  5/5        EV: 11    Int: 13    God:
Gold:   87         SH:  0    Dex: 18    Spells: 2/2 levels left

rFire   . . .        a - +0 shortbow
rCold   . . .        (shield currently unavailable)
rNeg    . . .        d - +0 ring mail
rPois   .            (no helmet)
rElec   .            (no cloak)
rCorr   .            e - +0 pair of gloves
SInv    .            (no boots)
Will    .....        (no amulet)
Stlth   +            (no ring)
HPRegen 0.23/turn    (no ring)
MPRegen 0.09/turn

%: no passive effects
@: no status effects
A: no striking features
a: no special abilities


You were on level 2 of the Dungeon.
You visited 1 branch of the dungeon, and saw 2 of its levels.

You collected 87 gold pieces.


   Skills:
 - Level 1.5 Fighting
 + Level 6.7 Ranged Weapons
 - Level 2.4 Dodging
 - Level 1.2 Stealth


You had 2 spell levels left.
You didn't know any spells.
Your spell library was empty.

Inventory:

Hand Weapons
 a - a +0 shortbow (weapon)
Armour
 d - a +0 ring mail (worn)
 e - a +0 pair of gloves (worn)
Potions
 f - a potion of attraction {unknown}

Dungeon Overview and Level Annotations

Branches:
Dungeon (2/15)

Altars:

Annotations:
D:2 Terence


Message History

A goblin is nearby!
Waypoint 1 assigned to D:2.
You shoot an arrow. The arrow hits the goblin!
You kill the goblin!
A rat comes into view.
You shoot an arrow. The arrow completely misses the rat.
The rat squeaks loudly.
You hear a shout!
You shoot an arrow. The arrow hits the rat.
You kill the rat!
Found an escape hatch in the floor.
Terence the Incautious comes into view.
He is wielding a +0 flail.
You shoot an arrow. The arrow closely misses Terence.
Terence shouts!
A giant cockroach comes into view.
You shoot an arrow.
The arrow hits the giant cockroach but does no damage.
You shoot an arrow. The arrow hits the giant cockroach.
The giant cockroach is almost dead.
The giant cockroach closely misses you.
You shoot an arrow. The arrow hits the giant cockroach.
You kill the giant cockroach!
You shoot an arrow. The arrow barely misses Terence.
You shoot an arrow. The arrow hits Terence.
Terence is moderately wounded.
Terence hits you with a +0 flail!
Ouch! That really hurt!
Terence hits you but does no damage.
You shoot an arrow.
The arrow hits Terence but does no damage.
Terence is moderately wounded.
Terence closely misses you.
You shoot an arrow. The arrow closely misses Terence.
Terence hits you but does no damage.
You shoot an arrow. The arrow barely misses Terence.
Terence asks, "Do you want it fast or slow?"
Terence hits you with a +0 flail!
You shoot an arrow. The arrow barely misses Terence.
Terence hits you with a +0 flail.
You die...
Terence says, "That felt goooood."

### #.# #....#
##.##.# ..##.#
#.##.# ..#%.#.#
#.#@.#.#
###.#@.#.########
>.................
####.#..#.########
#####.#..#.#
#........#.#
#.......<#.#
#......###.#
.%).####....#


You could see Terence.

Vanquished Creatures
  2 dart slugs (D:1)
  2 endoplasms (D:1)
  A giant cockroach (D:2)
  3 goblins
  3 hobgoblins (D:1)
  4 kobolds (D:1)
  4 ball pythons (D:1)
  4 bats (D:1)
  2 frilled lizards (D:1)
  5 rats
30 creatures vanquished.

Notes
Turn   | Place    | Note
-------+----------+-------------------------------------------
     0 | D:1      | qw the Deep Elf Hunter began the quest for the Orb.
     0 | D:1      | Reached XP level 1. HP: 12/12 MP: 3/3
     0 | D:1      | 0 ||| qw: Version: 0.3-a-160-g6735b56
     0 | D:1      | 0 ||| qw: Game counter: 6069
     0 | D:1      | 0 ||| qw: Melee chars always use a shield: true
     0 | D:1      | 0 ||| qw: God list: Okawaru
     0 | D:1      | 0 ||| qw: Allow faded altars: false
     0 | D:1      | 0 ||| qw: Do Orc after clearing Dungeon:15 true
     0 | D:1      | 0 ||| qw: Do second Lair branch before Depths: true
     0 | D:1      | 0 ||| qw: Lair rune preference: random
     0 | D:1      | 0 ||| qw: Goals: Normal
     0 | D:1      | 0 ||| PLANNING D:1-11
   207 | D:1      | Reached skill level 6 in Ranged Weapons
   207 | D:1      | Reached XP level 2. HP: 16/16 MP: 4/4
   628 | D:1      | Reached XP level 3. HP: 20/20 MP: 5/5
   737 | D:1      | 737 ||| UPGRADING to +0 ring mail.
   747 | D:1      | 747 ||| DROPPING +0 leather armour.
   748 | D:1      | 748 ||| UPGRADING to +0 pair of gloves.
   753 | D:1      | 753 ||| DROPPING scroll of butterflies.
   787 | D:2      | Noticed Terence
   796 | D:2      | HP: 3/20 [Terence/+0 flail (8)]
   797 | D:2      | Slain by Terence

Levels and vault maps discovered:
D:1:      wander_arrival_abandoned_jail, layout_loops_ring, serial_forest,
          infiniplex_forest_straight_2, infiniplex_forest_lined_4_way,
          infiniplex_forest_lined_corner, infiniplex_forest_straight_4,
          infiniplex_forest_clump_long, infiniplex_forest_lined_room_2,
          infiniplex_forest_clump_diagonal, infiniplex_forest_clump_medium,
          st_stairs_3
D:2:      layout_basic, basic_altar, dk_vineyard_1, supply_closet_lemuel,
          uniq_terence

Skill      XL: |  1 |
---------------+----+-----
Ranged Weapons | 6 |  6.7
Fighting       | |  1.5
Dodging        | |  2.4
Stealth        | |  1.2

Action                     || total
---------------------------++-------
   Fire: Shortbow          ||    70
 Armour: Leather armour    ||    12
         Ring mail         ||     5
  Dodge: Dodged            ||    13

Table legend:
 A = Non-vault XP
 B = Vault XP
 C = Vault XP percentage of total XP
 D = Non-vault monster count
 E = Vault monster count
 F = Vault count percentage of total count
                 A         B        C        D         E       F
            +---------+---------+-------+---------+---------+-------
      Total |      47 |       3 |   6.0 |      28 |       2 |   6.7
            +---------+---------+-------+---------+---------+-------
        D:1 |      42 |       3 |   6.7 |      25 |       2 |   7.4
        D:2 |       5 |       0 |   0.0 |       3 |       0 |   0.0
            +---------+---------+-------+---------+---------+-------
